 Dungeon Crawl Stone Soup version 0.23.2-40-g277498a001 (webtiles) character file.

Game seed: 505222313189852068

145 Deathwalker the Charmwright (level 5, 0/38 HPs)
             Began as a Human Skald on Aug 24, 2019.
             Slain by an adder (5 damage)
             ... on level 3 of the Dungeon.
             The game lasted 00:11:51 (2651 turns).

Deathwalker the Charmwright (Human Skald)           Turns: 2651, Time: 00:11:51

Health: 0/38       AC:  3    Str: 11    XL:     5   Next: 53%
Magic:  5/8        EV: 12    Int: 15    God:
Gold:   143        SH:  0    Dex: 12    Spells: 0/8 levels left

rFire    . . .     SeeInvis .   a - +0 hand axe
rCold    . . .     Gourm    .   (no shield)
rNeg     . . .     Faith    .   o - +0 leather armour
rPois    .         Spirit   .   (no helmet)
rElec    .         Reflect  .   k - scarf {repulsion}
rCorr    .         Harm     .   (no gloves)
MR       .....                  (no boots)
Stlth    +.........             (no amulet)
HPRegen  0.12/turn              (no ring)
MPRegen  0.11/turn              (no ring)

@: lethally poisoned (0 -> -7), very slightly contaminated, repel missiles
A: no striking features
a: no special abilities


You were on level 3 of the Dungeon.
You were not hungry.

You visited 1 branch of the dungeon, and saw 3 of its levels.

You collected 143 gold pieces.

Inventory:

Hand Weapons
 a - a +0 hand axe (weapon)
 b - a +0 hand crossbow
 r - a +0 blowgun
 t - a +1 falchion of holy wrath
Missiles
 c - 17 bolts
 g - 132 stones (quivered)
 q - 4 poisoned needles
Armour
 k - a scarf of repulsion (worn)
 o - a +0 leather armour (worn)
Jewellery
 n - a cursed -2 ring of intelligence {unknown}
Scrolls
 f - 2 scrolls of remove curse {unknown}
 j - a scroll of noise
 l - a scroll of magic mapping {unknown}
 m - a scroll of identify
 p - a scroll of enchant armour {unknown}
 s - a scroll of fog {unknown}
Potions
 e - 4 potions of curing
 h - a potion of lignification {unknown}
 i - 2 potions of heal wounds {unknown}
 u - a potion of invisibility {unknown}
Comestibles
 d - 5 rations


   Skills:
 - Level 2.1 Fighting
 - Level 2.1 Axes
 - Level 1.1 Armour
 - Level 2.1 Dodging
 + Level 2.1 Spellcasting
 - Level 5.0 Charms
 + Level 0.2 Necromancy
 - Level 2.0 Translocations


You couldn't memorise any spells.
You knew the following spells:

 Your Spells              Type           Power        Failure   Level  Hunger
a - Infusion              Chrm           ###.         3%          1    #......
b - Shroud of Golubria    Chrm/Tloc      ##........   11%         2    ###....
c - Song of Slaying       Chrm           ###.....     5%          2    ###....
d - Regeneration          Chrm/Necr      #.........   30%         3    ###....

Your spell library contained the following spells:

 Spells                   Type           Power        Failure   Level  Hunger
 Spectral Weapon          Hex/Chrm       #.......     30%         3    ###....


Dungeon Overview and Level Annotations

Branches:
Dungeon (3/15)

Altars:
Dithmenos
Gozag

Annotations:
D:3 Robin


Message History

Robin roars a battlecry!
You hear a shout!
The adder bites you.
* * * LOW HITPOINT WARNING * * *
You are poisoned.
The adder poisons you!
You feel sick. The adder barely misses you.
You feel sick. The adder bites you.
* * * LOW HITPOINT WARNING * * *
You are lethally poisoned!
The adder poisons you!
Casting: Infusion (safe; 3% risk of failure)
Confirm with . or Enter, or press ? or * to list all spells.
You miscast Regeneration.
You are very lightly contaminated with residual magic.
Waves of light ripple over your body.
* * * LOW HITPOINT WARNING * * *
You feel sick. The adder bites you.
You die...

###.....###)####.#
# #.........!....#
# #####.###g######
# #.# #.# #.# #.#
#.# #.# #.# #.# #
###.###†######.#
..........gS@..#
################


You could see an adder and a goblin.

Vanquished Creatures
  A scorpion (D:2)
  An adder (D:2)
  2 worms (D:2)
  2 dart slugs
  2 leopard geckos
  2 ball pythons (D:2)
  5 bats
  4 giant cockroaches
  16 goblins
  7 hobgoblins
  10 jackals
  8 kobolds
  5 frilled lizards
  4 rats
69 creatures vanquished.

Notes
Turn   | Place    | Note
-------+----------+-------------------------------------------
     0 | D:1      | Deathwalker the Human Skald began the quest for the Orb.
     0 | D:1      | Reached XP level 1. HP: 16/16 MP: 3/3
   141 | D:1      | Reached XP level 2. HP: 9/22 MP: 5/5
   145 | D:1      | Learned a level 2 spell: Shroud of Golubria
   148 | D:1      | Learned a level 2 spell: Song of Slaying
   198 | D:1      | Reached skill level 1 in Translocations
   512 | D:1      | Reached XP level 3. HP: 15/27 MP: 6/6
  1147 | D:2      | Found an opulent altar of Gozag.
  1312 | D:2      | Reached XP level 4. HP: 27/33 MP: 3/7
  1557 | D:2      | Reached skill level 4 in Charms
  1669 | D:2      | Reached XP level 5. HP: 12/38 MP: 0/8
  2371 | D:3      | Learned a level 3 spell: Regeneration
  2557 | D:3      | Found a shadowy altar of Dithmenos.
  2560 | D:3      | Reached skill level 5 in Charms
  2627 | D:3      | Noticed Robin
  2651 | D:3      | Slain by an adder

Skill      XL: |  1  2  3  4  5 |
---------------+----------------+-----
Translocations | 1 2 |  2.0
Charms         | 4 5 |  5.0
Fighting       | |  2.1
Axes           | |  2.1
Armour         | |  1.1
Dodging        | |  2.1
Spellcasting   | |  2.1
Necromancy     | |  0.2

Action                   |  1- 3 |  4- 6 || total
-------------------------+-------+-------++-------
Melee: Hand axe          |   125 |    87 ||   212
       Falchion          |       |    19 ||    19
 Fire: Hand crossbow     |       |     6 ||     6
Throw: Stone             |       |     1 ||     1
 Cast: Shroud of Golubri |     5 |     5 ||    10
       Song of Slaying   |     1 |     1 ||     2
       Infusion          |       |     2 ||     2
  Use: Scroll            |       |     2 ||     2
 Stab: Sleeping          |     1 |       ||     1
  Eat: Chunk             |     1 |     6 ||     7
Armor: Leather armour    |    28 |    47 ||    75
Dodge: Dodged            |   106 |    86 ||   192
       Deflected         |       |     2 ||     2
       Rpst.: Falchion   |       |     6 ||     6
